 Dungeon Crawl Stone Soup version 0.25-a0-513-ge77a69270c (webtiles) character file.

Game seed: 15127869367526126557, levelgen mode: deterministic

805 mopl the Vexing (level 7, 0/46 HPs)
             Began as a Demonspawn Enchanter on Feb 16, 2020.
             Was an Initiate of Okawaru.
             Slain by a centaur zombie (3 damage)
             ... on level 6 of the Dungeon.
             The game lasted 00:07:16 (6555 turns).

mopl the Vexing (Demonspawn Enchanter)              Turns: 6555, Time: 00:07:17

Health: 0/46       AC:  3    Str:  9    XL:     7   Next: 60%
Magic:  9/13       EV: 12    Int: 17    God:    Okawaru [......]
Gold:   58         SH:  0    Dex: 14    Spells: 6/14 levels left

rFire    + . .     SeeInvis .   b - +2 short sword (drain)
rCold    . . .     Gourm    .   (no shield)
rNeg     . . .     Faith    .   h - +0 robe
rPois    .         Spirit   .   (helmet restricted)
rElec    .         Reflect  .   e - +0 cloak
rCorr    .         Harm     .   (no gloves)
MR       .....                  (no boots)
Stlth    +++.......             (no amulet)
HPRegen  0.15/turn              (no ring)
MPRegen  0.13/turn              (no ring)

@: very slightly contaminated
A: antennae 1, talons 1, fire resistance 1, flame cloud immunity
a: Renounce Religion


You were on level 6 of the Dungeon.
You worshipped Okawaru.
Okawaru was noncommittal.
You were not hungry.

You visited 2 branches of the dungeon, and saw 7 of its levels.

You collected 142 gold pieces.
You spent 84 gold pieces at shops.

Inventory:

Hand Weapons
 a - a +1 dagger
 b - a +2 short sword of draining (weapon)
Missiles
 f - 35 poisoned darts (quivered)
 m - 5 boomerangs
Armour
 e - a +0 cloak (worn)
 h - a +0 robe (worn)
Wands
 g - a wand of random effects (26)
Scrolls
 j - 2 scrolls of teleportation
 l - a scroll of amnesia
 n - 2 scrolls of enchant weapon {unknown}
 p - 4 scrolls of remove curse
 q - 2 scrolls of enchant armour {unknown}
 r - a scroll of blinking {unknown}
 x - a scroll of immolation {unknown}
Potions
 d - 3 potions of might {unknown}
 i - 5 potions of curing
 k - 2 potions of magic {unknown}
 o - a potion of flight {unknown}
 s - 2 potions of mutation {unknown}
 t - a potion of cancellation {unknown}
 u - a potion of berserk rage {unknown}
 v - 2 potions of lignification {!q}
 w - a potion of brilliance {unknown}
Comestibles
 c - 10 rations
 z - 3 chunks of flesh


   Skills:
 + Level 2.5 Short Blades
 - Level 1.7 Dodging
 * Level 4.9 Stealth
 * Level 4.0 Spellcasting
 + Level 2.2 Conjurations
 * Level 5.0 Hexes
 + Level 2.1 Ice Magic
 + Level 0.7 Invocations


You had 6 spell levels left.
You knew the following spells:

 Your Spells              Type           Power        Failure   Level  Hunger
b - Ensorcelled Hibernat  Hex/Ice        ###...       5%          2    ##.....
d - Tukima's Dance        Hex            ###.....     6%          3    ###....
g - Dazzling Flash        Conj/Hex       ###...       11%         3    ###....

Your spell library contained the following spells:

 Spells                   Type           Power        Failure   Level  Hunger
 Corona                   Hex            ###....      1%          1    None
 Confusing Touch          Hex            ###.....     6%          3    ###....


Dungeon Overview and Level Annotations

Branches:
Dungeon (6/15)             Temple (1/1) D:5

Altars:
Ashenzari
Cheibriados
Gozag
Hepliaklqana
Kikubaaqudgha
Nemelex Xobeh
Okawaru
Qazlal

Shops:
D:4 }   D:5 *


Innate Abilities, Weirdness & Mutations

You have a pair of small antennae on your head.
You have sharp toenails.
Your flesh is heat resistant. (rF+)
You are immune to clouds of flame.


Message History

Aiming: Ensorcelled Hibernation (safe; 5% risk of failure)
Press: ? - help, Shift-Dir - straight line, f/p - orc
Aim: an orc, wielding a +0 short sword of electrocution (chance to defeat MR: 63%)
You miscast Ensorcelled Hibernation.
You are very lightly contaminated with residual magic.
You feel off-balance for a moment.
Casting: Ensorcelled Hibernation (safe; 5% risk of failure)
Confirm with . or Enter, or press ? or * to list all spells.
Aiming: Ensorcelled Hibernation (safe; 5% risk of failure)
Press: ? - help, Shift-Dir - straight line, f/p - orc
Aim: an orc, wielding a +0 short sword of electrocution (chance to defeat MR: 63%)
You miscast Ensorcelled Hibernation.
Nothing appears to happen.
The orc hits you with a +0 short sword of electrocution!
* * * LOW HITPOINT WARNING * * *
The orc hits you with a +0 short sword of electrocution.
* * * LOW HITPOINT WARNING * * *
The centaur zombie hits you.
* * * LOW HITPOINT WARNING * * *
The centaur zombie hits you.
You die...

#.......#.Z.#
#......##
#.......###.##
#.....##
#.......# #..#
#.....###
#####..##
##.####)......#
##.#
#...Z[.#####.#
#o###
##...###### ..
#...#
#.#.#....# .
###Z#
#.#......# .
#@# #.##.....#
#.# #.##.....#
#.# ..###....#
#.# .## #....#
..# # #....#
[#. #....# . +
....# ..


You could see an orc and a centaur zombie.

Vanquished Creatures
  Grinder (D:4)
  An ogre (D:5)
  Blork the orc (D:6)
  A howler monkey (D:4)
  A centaur zombie (D:5)
  Natasha (thrice) (D:4)
  3 worker ants
  An iguana (D:4)
  An orc wizard (D:4)
  A hound zombie (D:5)
  2 worker ant zombies (D:5)
  A howler monkey skeleton (D:4)
  5 adders
  A shadow imp (D:3)
  An ooze (D:1)
  An adder skeleton (D:4)
  A worm (D:3)
  4 dart slugs
  A leopard gecko (D:3)
  8 orcs
  3 giant cockroaches
  2 goblins
  5 hobgoblins
  4 jackals (D:5)
  4 quokkas
  A ball python (D:3)
  2 frilled lizards
  A hobgoblin zombie (D:6)
  4 kobolds
  A kobold zombie (D:6)
  An orc skeleton (D:6)
  A quokka skeleton (D:4)
  13 rats
81 creatures vanquished.

Notes
Turn   | Place    | Note
-------+----------+-------------------------------------------
     0 | D:1      | mopl the Demonspawn Enchanter began the quest for the Orb.
     0 | D:1      | Reached XP level 1. HP: 13/13 MP: 3/3
    89 | D:1      | Reached skill level 1 in Short Blades
   338 | D:1      | Gained mutation: Your flesh is heat resistant. (rF+)
                  | [demonic ancestry]
   338 | D:1      | Reached XP level 2. HP: 10/19 MP: 5/5
   344 | D:1      | Learned a level 2 spell: Ensorcelled Hibernation
   893 | D:1      | Reached skill level 3 in Stealth
  1208 | D:2      | Reached XP level 3. HP: 16/24 MP: 3/6
  1476 | D:2      | Found a shattered altar of Ashenzari.
  1664 | D:2      | Learned a level 3 spell: Tukima's Dance
  1840 | D:2      | Found an opulent altar of Gozag.
  2147 | D:3      | Found a hazy altar of Hepliaklqana.
  2686 | D:3      | Reached XP level 4. HP: 18/30 MP: 7/7
  2887 | D:3      | Learned a level 3 spell: Dazzling Flash
  3287 | D:4      | Noticed Grinder
  3299 | D:4      | Killed Grinder
  3299 | D:4      | Reached skill level 2 in Short Blades
  3299 | D:4      | Reached skill level 4 in Stealth
  3299 | D:4      | Reached skill level 3 in Spellcasting
  3299 | D:4      | Reached skill level 1 in Conjurations
  3299 | D:4      | Reached skill level 4 in Hexes
  3299 | D:4      | Reached skill level 1 in Ice Magic
  3299 | D:4      | Gained mutation: You are immune to clouds of flame.
                  | [demonic ancestry]
  3299 | D:4      | Reached XP level 5. HP: 35/35 MP: 7/9
  3299 | D:4      | Gained mutation: You have a pair of small antennae on your
                  | head. [demonic ancestry]
  3299 | D:4      | Reached XP level 6. HP: 41/41 MP: 7/10
  3731 | D:4      | Noticed Natasha
  3747 | D:4      | Killed Natasha
  4320 | D:4      | Found Backo's Gadget Shop.
  4787 | D:4      | Noticed Natasha
  4797 | D:4      | Killed Natasha
  4961 | D:4      | Found Backo's Gadget Shop.
  5054 | D:4      | Noticed Natasha
  5066 | D:4      | Killed Natasha
  5066 | D:4      | Gained mutation: You have sharp toenails. [demonic
                  | ancestry]
  5066 | D:4      | Reached XP level 7. HP: 38/46 MP: 7/12
  5328 | D:5      | Entered Level 5 of the Dungeon
  5468 | D:5      | Reached skill level 2 in Conjurations
  5468 | D:5      | Reached skill level 2 in Ice Magic
  5681 | D:5      | Found Diusku Kila's General Store.
  5689 | D:5      | Bought 2 potions of lignification for 84 gold pieces
  6198 | D:5      | Found a staircase to the Ecumenical Temple.
  6249 | Temple   | Entered the Ecumenical Temple
  6276 | Temple   | Became a worshipper of Warmaster Okawaru
  6469 | D:6      | Reached skill level 4 in Spellcasting
  6499 | D:6      | Noticed Blork the orc
  6515 | D:6      | Killed Blork the orc
  6515 | D:6      | Reached skill level 5 in Hexes
  6552 | D:6      | HP: 2/46 [centaur zombie (2)]
  6555 | D:6      | Slain by a centaur zombie

Levels and vault maps discovered:
D:1:      psy_arrival_basics, layout_loops_corners
D:2:      layout_loops_ring, old_standard_altar, lemuel_crystal_altar,
          minivault_11
D:3:      layout_basic, lemuel_round_altar, kennysheep_potato
D:4:      layout_basic, serial_shops, nicolae_shop_stone, first_ration,
          uniq_grinder, uniq_natasha
D:5:      layout_gridville, minmay_temple_entry_statues, serial_shops, shop
D:6:      layout_rooms, nicolae_tso_besieged_by_evil, marbit_many_paths,
          serial_shops, shop, shop, nicolae_shop_crystal,
          nicolae_shop_waterfront, nicolae_shop_behind_doors, uniq_blork_the_orc
Temple:   cyrus_temple_forest

Skill      XL: |  1  2  3  4  5  6  7 |
---------------+----------------------+-----
Short Blades   | 1 2 |  2.5
Stealth        | 3 4 |  4.9
Spellcasting   | 3 4 |  4.0
Conjurations   | 1 2 |  2.2
Hexes          | 4 5 |  5.0
Ice Magic      | 1 2 |  2.1
Dodging        | |  1.7
Invocations    | |  0.7

Action                   |  1- 3 |  4- 6 |  7- 9 || total
-------------------------+-------+-------+-------++-------
Melee: Dagger            |    21 |       |       ||    21
       Short sword       |    88 |   112 |    76 ||   276
       Kick              |       |       |    24 ||    24
Throw: Dart              |     3 |       |       ||     3
 Cast: Ensorcelled Hiber |     4 |    10 |     2 ||    16
Evoke: Wand              |       |     3 |       ||     3
  Use: Scroll            |     6 |       |       ||     6
 Stab: Sleeping          |    14 |     9 |     5 ||    28
       Distracted        |     1 |       |       ||     1
       Paralysed         |       |     4 |       ||     4
  Eat: Chunk             |     5 |     6 |     4 ||    15
       Ration            |       |     1 |       ||     1
Armor: Robe              |    15 |    20 |    17 ||    52
Dodge: Dodged            |    44 |    60 |    40 ||   144

Table legend:
 A = Non-vault XP
 B = Vault XP
 C = Vault XP percentage of total XP
 D = Non-vault monster count
 E = Vault monster count
 F = Vault count percentage of total count
                 A         B        C        D         E       F
            +---------+---------+-------+---------+---------+-------
      Total |     719 |     432 |  37.5 |      72 |       9 |  11.1
            +---------+---------+-------+---------+---------+-------
        D:1 |      29 |       0 |   0.0 |      17 |       0 |   0.0
        D:2 |      39 |       0 |   0.0 |       7 |       0 |   0.0
        D:3 |      57 |       5 |   8.1 |      17 |       3 |  15.0
        D:4 |     297 |     330 |  52.6 |      17 |       2 |  10.5
        D:5 |     251 |       0 |   0.0 |      12 |       0 |   0.0
        D:6 |      46 |      97 |  67.8 |       2 |       4 |  66.7
            +---------+---------+-------+---------+---------+-------
